[Event "Early-Titled-Tuesday-Blitz-January-16-2024"]
[Site "Chess.com"]
[Date "2024.01.16"]
[Round "5"]
[White "Matols"]
[Black "Real_taiatai"]
[Result "0-1"]
[WhiteElo "2374"]
[BlackElo "2510"]
[TimeControl "180+1"]
[EndTime "8:57:59 PST"]
[Termination "Real_taiatai won by resignation"]

1. d4 Nf6 2. c4 c5 3. d5 b5 4. cxb5 a6 5. bxa6 g6 6. Nc3 Bxa6 7. g3 Bg7 8. Bg2 d6 9. Nf3 O-O 10. O-O Nbd7 11. Rb1 Qa5 12. Bd2 Rfb8 13. b3 Qc7 14.
Qc2 Nb6 15. Ne1 Ne8 16. a4 Qd7 17. Nd3 Nc7 18. a5 Nc8 19. Rfc1 Na7 20. Na4 Nab5 21. Nb6 Qd8 22. Nxa8 Na3 23. Nxc7 Nxc2 24. Nxa6 Nd4 25.
Nxb8 Nxe2+ 26. Kf1 Nxc1 27. Nc6 Qa8 28. Rxc1 Qa6 29.
Ke2 e6 30. Rc4 Qb5 31. Nc1 Bb2 32. Kf1 Bxc1 33. Bxc1 Qxb3 34. Rh4 Qd3+ 35. Kg1 Qd1+ 36. Bf1 Qxc1 37. a6 Qa1 38. a7 exd5 39. Rf4 c4 40. Rf3 Qa6 41. Re3 Qxc6 42. Ra3 Qa8 43. Bg2 c3 44.
Bxd5 c2 45. Bxa8 c1=Q+ 46. Kg2 Qxa3 47. Bf3 Qxa7 0-1

[Event "Early-Titled-Tuesday-Blitz-January-16-2024"]
[Site "Chess.com"]
[Date "2024.01.16"]
[Round "5"]
[White "JSPrepz"]
[Black "sergoy"]
[Result "1/2-1/2"]
[WhiteElo "2876"]
[BlackElo "3011"]
[TimeControl "180+1"]
[EndTime "8:58:00 PST"]
[Termination "Game drawn by repetition"]

1. e4 c5 2. Nf3 d6 3. Nc3 a6 4.
g3 Nf6 5. e5 dxe5 6. Nxe5 Qd6 7. Nc4 Qc6 8. Rg1 Nbd7 9. Bg2 Qc7 10. d3 e5 11. g4 h6 12. Qe2 Rb8 13. f4 e4 14.
dxe4 Nb6 15. Nd5 Nfxd5 16. exd5+ Kd8 17. d6 Bxd6 18. Nxd6 Qxd6 19. Be3 Bd7 20. Rd1 Qe7 21. Bf3 Kc8 22. Kf2 Re8 23. Rge1 Bb5 24. Qd2 Nc4 25. Qc3 Nxe3 26. Rxe3 Qxe3+ 27. Qxe3 Rxe3 28. Kxe3 Kc7 29. Rd5 b6 30. Re5 Kd6 31. Rd5+ Kc7 32. Re5 Rd8 33.
b3 f6 34. Re7+ Rd7 35. Re6 Rd6 36. Re7+ Rd7 37. Re6 Rd6 38. Re7+ Rd7 1/2-1/2

[Event "Early-Titled-Tuesday-Blitz-January-16-2024"]
[Site "Chess.com"]
[Date "2024.01.16"]
[Round "5"]
[White "iwanyu"]
[Black "Grandelicious"]
[Result "1-0"]
[WhiteElo "2685"]
[BlackElo "2918"]
[TimeControl "180+1"]
[EndTime "8:58:01 PST"]
[Termination "iwanyu won by resignation"]

1. d4 d6 2. Nf3 Nf6 3. g3 g6 4. Bg2 Bg7 5. c4 Bf5 6. Nc3 Ne4 7. Na4 c6 8. O-O Nf6 9. Nc3 Qc8 10. Re1 Ne4 11.
Nh4 Nxc3 12. bxc3 Bh3 13. e4 Bxg2 14. Kxg2 Nd7 15. e5 dxe5 16. Nf3 O-O 17. dxe5 Nb6 18. e6 fxe6 19. Qd3 e5 20. c5 Nd5 21. c4 Nb4 22.
Qe4 Qf5 23. g4 Qxe4 24. Rxe4 Rad8 25. Rb1 Nxa2 26. Bb2 Nb4 27. Bxe5 Bxe5 28. Rxb4 Bg7 29. Rxb7 Rf7 30. Ng5 Bf6 31. Nxf7 Kxf7 32. Rxa7 Rd2 33. Rc7 Bh4 34. Rf4+ Ke8 35. Rxc6 Bg5 1-0

[Event "Early-Titled-Tuesday-Blitz-January-16-2024"]
[Site "Chess.com"]
[Date "2024.01.16"]
[Round "5"]
[White "bitter-cikolata"]
[Black "TregubovP"]
[Result "0-1"]
[WhiteElo "2549"]
[BlackElo "2684"]
[TimeControl "180+1"]
[EndTime "8:58:03 PST"]
[Termination "TregubovP won on time"]

1. e4 c5 2. Nf3 e6 3. d4 cxd4 4. Nxd4 Nf6 5. Nc3 Nc6 6. Ndb5 Bb4 7. a3 Bxc3+ 8. Nxc3 d5 9. exd5 exd5 10. Bd3 O-O 11. O-O d4 12. Ne4 Bf5 13. Bg5 Bxe4 14. Bxe4 h6 15. Bxf6 Qxf6 16. Qh5 Rac8 17. Rad1 Rfd8 18.
Rfe1 b6 19. Rd3 Ne5 20. Rg3 Re8 21. h3 Re7 22. Rd1 Nc4 23. Rf3 Qg5 24. Qxg5 hxg5 25. Rxd4 Nxb2 26. Bf5 Rce8 27. Kh2 g6 28. Bd3 Rc8 0-1

[Event "Early-Titled-Tuesday-Blitz-January-16-2024"]
[Site "Chess.com"]
[Date "2024.01.16"]
[Round "5"]
[White "JoliyRoger"]
[Black "CaspiIsrael"]
[Result "0-1"]
[WhiteElo "2468"]
[BlackElo "2641"]
[TimeControl "180+1"]
[EndTime "8:58:03 PST"]
[Termination "CaspiIsrael won by resignation"]

1. d4 f5 2. Nf3 Nf6 3. Bg5 e6 4. Nbd2 h6 5. Bxf6 Qxf6 6. e4 d6 7. Bd3 g5 8. c3 g4 9. Ng1 Nc6 10. Qc2 Bd7 11. O-O-O O-O-O 12. g3 h5 13. f4 h4 14. Ne2 Kb8 15. e5 Qh6 16. Kb1 Ne7 17.
Rhg1 Bc6 18. Qb3 dxe5 19. fxe5 Nd5 20. Nc4 Nb6 21. Na5 Bf3 22. c4 Qe3 23. Rge1 hxg3 24. hxg3 Rh2 25. Nf4 Qxd4 26. Nxe6 Bxd1 27. Rxd1 Qd7 28. c5 Re8 29. Bxf5 Rd2 30. Rxd2 Qxd2 31. cxb6 Qe1+ 32. Kc2 axb6 33. Nc4 Qf2+ 34. Nd2 Qxf5+ 0-1

[Event "Early-Titled-Tuesday-Blitz-January-16-2024"]
[Site "Chess.com"]
[Date "2024.01.16"]
[Round "5"]
[White "karinachess1"]
[Black "Elsa167"]
[Result "0-1"]
[WhiteElo "2607"]
[BlackElo "2838"]
[TimeControl "180+1"]
[EndTime "8:58:06 PST"]
[Termination "Elsa167 won by resignation"]

1. d4 Nf6 2. c4 g6 3. g3 Bg7 4. Bg2 O-O 5. Nc3 d6 6. Nf3 Nbd7 7. O-O e5 8. e4 exd4 9. Nxd4 Re8 10. Re1 Nc5 11. b4 Ne6 12. Nc2 a5 13. b5 Nd7 14. Bb2 Nec5 15. Rb1 Ne5 16. Nd5 c6 17.
Bxe5 dxe5 18. bxc6 bxc6 19. Nb6 Rb8 20. Nxc8 Rxc8 21.
Bh3 Ra8 22. Qe2 Qc7 23. Qe3 Bf8 24. Red1 Rad8 25. Ne1 Rxd1 26. Rxd1 Rd8 27. Rxd8 Qxd8 28. Nf3 Qd1+ 29. Bf1 f6 30. Kg2 Qc2 31. Nd2 Qxa2 32. h4 a4 33. Be2 a3 34. h5 Qb2 35. hxg6 hxg6 36. Qf3 Qxd2 0-1

[Event "Early-Titled-Tuesday-Blitz-January-16-2024"]
[Site "Chess.com"]
[Date "2024.01.16"]
[Round "5"]
[White "goodwilll"]
[Black "Ezov"]
[Result "1-0"]
[WhiteElo "2427"]
[BlackElo "2239"]
[TimeControl "180+1"]
[EndTime "8:58:06 PST"]
[Termination "goodwilll won by resignation"]

1. e4 e6 2. d4 d5 3. Nc3 Bb4 4. e5 c5 5. a3 cxd4 6. axb4 dxc3 7. Nf3 Qc7 8. Bd3 Nc6 9. O-O Nxb4 10. bxc3 Nxd3 11.
Qxd3 Ne7 12. Ba3 O-O 13. Bd6 Qd7 14. Ng5 g6 15. Qh3 h5 16. g4 Kg7 17. Qf3 f6 18.
exf6+ Rxf6 19. Be5 Ng8 20. Rfe1 Qe7 21. gxh5 gxh5 22.
Qxh5 Nh6 23. Re3 Bd7 24. Rg3 Kf8 25. Bxf6 Qxf6 26. Nh7+ 1-0

[Event "Early-Titled-Tuesday-Blitz-January-16-2024"]
[Site "Chess.com"]
[Date "2024.01.16"]
[Round "5"]
[White "Rud_Makarian"]
[Black "MightyGMpretender"]
[Result "0-1"]
[WhiteElo "3029"]
[BlackElo "2865"]
[TimeControl "180+1"]
[EndTime "8:58:07 PST"]
[Termination "MightyGMpretender won by resignation"]

1. c4 Nf6 2. Nc3 c5 3. g3 d5 4.
cxd5 Nxd5 5. Bg2 Nc7 6. Nf3 Nc6 7. d3 e5 8. O-O Be7 9. Nd2 Bd7 10. Nc4 f6 11. f4 b5 12. Ne3 exf4 13. gxf4 O-O 14. f5 Be8 15. Ned5 Nxd5 16. Nxd5 Bd6 17. Be3 Rc8 18. Rc1 Ne5 19. Nf4 Bf7 20. h3 Re8 21.
Qd2 Qd7 22. Be4 Nc4 23. dxc4 Rxe4 24. Rfd1 Qe8 25. Qxd6 Rxe3 26. cxb5 Rg3+ 27. Kh2 Qe3 28. Rf1 Rg5 29. Rc3 Qe4 30. Qd3 Qe5 31. Qe3 Qxf5 32. Rcc1 Re8 33. Qxc5 Qxc5 0-1

[Event "Early-Titled-Tuesday-Blitz-January-16-2024"]
[Site "Chess.com"]
[Date "2024.01.16"]
[Round "5"]
[White "lasRojas"]
[Black "Kotofeyca"]
[Result "1-0"]
[WhiteElo "2442"]
[BlackElo "2417"]
[TimeControl "180+1"]
[EndTime "8:58:08 PST"]
[Termination "lasRojas won by checkmate"]

1. e4 c5 2. Nf3 d6 3. d4 cxd4 4. Nxd4 Nf6 5. Nc3 a6 6. Be2 e5 7. Nb3 Be7 8. Be3 O-O 9. g4 Be6 10. g5 Nfd7 11. h4 Nb6 12. Rg1 N8d7 13. h5 Nc4 14.
Bxc4 Bxc4 15. Qg4 Be6 16. Qg3 b5 17. f4 b4 18. Nd5 Bxd5 19. exd5 exf4 20. Bxf4 Ne5 21.
O-O-O a5 22. Nd4 Qb6 23. Nf5 Rfe8 24. Kb1 a4 25. Bxe5 dxe5 26. d6 Bf8 27. Rge1 Rad8 28. Rxe5 Rxe5 29. Qxe5 a3 30. b3 Qf2 31. h6 Qf3 32.
Re1 Qg4 33. hxg7 Bxd6 34. Nh6# 1-0

[Event "Early-Titled-Tuesday-Blitz-January-16-2024"]
[Site "Chess.com"]
[Date "2024.01.16"]
[Round "5"]
[White "vugarrasulov"]
[Black "NoHeThTo"]
[Result "1-0"]
[WhiteElo "2961"]
[BlackElo "2714"]
[TimeControl "180+1"]
[EndTime "8:58:09 PST"]
[Termination "vugarrasulov won by resignation"]

1. d4 Nf6 2. Nf3 g6 3. g3 Bg7 4. Bg2 O-O 5. O-O d6 6. b3 Ne4 7. Bb2 c5 8. Nbd2 Nxd2 9. Qxd2 Nc6 10. c4 Bg4 11. d5 Bxb2 12. Qxb2 Bxf3 13. Bxf3 Ne5 14.
Bg2 b5 15. cxb5 Qb6 16. Qc3 Qxb5 17. f4 Nd7 18. e4 a5 19. Rfe1 Qb4 20. Qe3 a4 21. e5 axb3 22. axb3 Rxa1 23. Rxa1 Rb8 24. e6 Nf6 25. exf7+ Kxf7 26. Qe6+ Kf8 27. Re1 Qb7 28. f5 Qd7 29. Qe3 gxf5 30. Bh3 Ke8 31. Bxf5 Qa7 32. Be6 Kd8 33. Kh1 Qb7 34. Qh6 Qxb3 35. Qf8+ Ne8 36. Bf7 Qf3+ 37. Kg1 Kc7 38. Qxe7+ Kb6 39. Bxe8 Qxd5 40.
Rb1+ Ka6 41. Rxb8 Qd4+ 42. Kg2 Qd5+ 43. Kh3 Qf5+ 44. Kh4 1-0

[Event "Early-Titled-Tuesday-Blitz-January-16-2024"]
[Site "Chess.com"]
[Date "2024.01.16"]
[Round "5"]
[White "GalaxyRoman"]
[Black "Makswolf200817"]
[Result "1-0"]
[WhiteElo "2879"]
[BlackElo "2662"]
[TimeControl "180+1"]
[EndTime "8:58:09 PST"]
[Termination "GalaxyRoman won by resignation"]

1. e4 e6 2. d4 d5 3. exd5 exd5 4. Nc3 c6 5. Bd3 Bd6 6. Nge2 Ne7 7. Bg5 f6 8. Bh4 Bf5 9. Bg3 O-O 10. O-O Na6 11.
Bxa6 bxa6 12. Na4 Rb8 13. c3 Bg6 14. Re1 Re8 15. Qd2 Nf5 16. Nc5 Nxg3 17. hxg3 Bxc5 18. dxc5 a5 19. Nd4 Qd7 20. Rxe8+ Bxe8 21. Re1 Bf7 22. Qf4 Rxb2 23. Qd6 Rb7 24. Qxd7 Rxd7 25. Rb1 Be8 26.
Rb8 Kf7 27. Nf5 Kg6 28. Nd6 Bf7 29. a3 Re7 30. Kf1 Be6 31. f3 Bf5 32. g4 Bd3+ 33. Kf2 Re2+ 34. Kg3 Rc2 35. Rb7 Bf1 36. Nf5 Rxg2+ 37.
Kf4 1-0

[Event "Early-Titled-Tuesday-Blitz-January-16-2024"]
[Site "Chess.com"]
[Date "2024.01.16"]
[Round "5"]
[White "tusplingher"]
[Black "Viktor_Poddubnyi"]
[Result "1-0"]
[WhiteElo "2488"]
[BlackElo "2295"]
[TimeControl "180+1"]
[EndTime "8:58:10 PST"]
[Termination "tusplingher won on time"]

1. e4 g6 2. d4 Bg7 3. Nc3 d6 4. Bc4 Nf6 5. Qe2 Nc6 6. e5 Nxd4 7. exf6 Nxe2 8. fxg7 Rg8 9. Ngxe2 Be6 10. Bxe6 fxe6 11. Bh6 c6 12. O-O-O Qa5 13. Nf4 Kd7 14. Rhe1 e5 15.
Nd3 Kc7 16. f4 b5 17. fxe5 b4 18. exd6+ exd6 19. Ne4 Qh5 20. Bf4 Rxg7 21. Bxd6+ Kb7 22. Nxb4 Rc8 23. Rd3 Ka8 24. Na6 Qa5 25. Nb4 c5 26. Bxc5 Rxc5 27. Nxc5 Qxc5 28. Rd8+ Kb7 29. Rb8+ 1-0

[Event "Early-Titled-Tuesday-Blitz-January-16-2024"]
[Site "Chess.com"]
[Date "2024.01.16"]
[Round "5"]
[White "andrzej"]
[Black "ZuraTqebuchava"]
[Result "1-0"]
[WhiteElo "2380"]
[BlackElo "2153"]
[TimeControl "180+1"]
[EndTime "8:58:10 PST"]
[Termination "andrzej won on time"]

1. e4 e5 2. Nf3 Nc6 3. Bb5 Be7 4. O-O d6 5. d4 exd4 6. Nxd4 Bd7 7. Nc3 Nf6 8. Nxc6 bxc6 9. Bd3 O-O 10. f4 Rb8 11. b3 c5 12. Qe1 Bc6 13. Qg3 Re8 14. e5 dxe5 15. fxe5 Nh5 16. Qh3 Qd4+ 17. Kh1 Qh4 18.
Qxh4 Bxh4 19. Bb2 g6 20. Bc4 Re7 21. Nd5 Bxd5 22. Bxd5 Ng7 23. g3 Bg5 24. h4 Be3 25. Rad1 Nf5 26. Rf3 Bd4 27. Bxd4 cxd4 28. Rdf1 Rxe5 29.
Bc4 h5 30. R1f2 Re1+ 31. Kh2 Re7 32. Rd2 1-0

[Event "Early-Titled-Tuesday-Blitz-January-16-2024"]
[Site "Chess.com"]
[Date "2024.01.16"]
[Round "5"]
[White "Hikaru"]
[Black "Zhigalko_Sergei"]
[Result "1-0"]
[WhiteElo "3229"]
[BlackElo "2956"]
[TimeControl "180+1"]
[EndTime "8:58:11 PST"]
[Termination "Hikaru won on time"]

1. e4 c5 2. d4 cxd4 3. c3 Nf6 4. e5 Nd5 5. Qxd4 e6 6. Nf3 Nc6 7. Qe4 Qc7 8. g3 Nde7 9. Bf4 Ng6 10. Bd3 b6 11. O-O Bb7 12. Qe2 Nxf4 13. gxf4 d6 14.
Na3 a6 15. Nc4 b5 16. Ncd2 dxe5 17. fxe5 Be7 18. a4 b4 19. Rac1 O-O 20. cxb4 Qb6 21. b5 axb5 22. axb5 Nd4 23. Nxd4 Qxd4 24. Rc7 Bb4 25.
Rxb7 Bxd2 26. Rd1 Rfd8 27. Rxd2 Ra1+ 28. Kg2 Qf4 29. Qe3 Qg4+ 30. Qg3 Qh5 31. Bxh7+ Kxh7 32. Rxd8 Rd1 33. Rxd1 Qxd1 34. Qf3 1-0

[Event "Early-Titled-Tuesday-Blitz-January-16-2024"]
[Site "Chess.com"]
[Date "2024.01.16"]
[Round "5"]
[White "Langua_Chess"]
[Black "AlexLongson"]
[Result "1-0"]
[WhiteElo "2460"]
[BlackElo "2237"]
[TimeControl "180+1"]
[EndTime "8:58:11 PST"]
[Termination "Langua_Chess won on time"]

1. e4 e5 2. Nf3 Nc6 3. Bb5 a6 4.
Bxc6 dxc6 5. O-O Bd6 6. d4 exd4 7. Qxd4 f6 8. Nc3 Ne7 9. e5 fxe5 10. Nxe5 Be6 11.
Bg5 O-O 12. Rad1 Rf5 13. f4 h6 14. Bh4 Rh5 15. Ng6 Bc5 16. Nxe7+ Kh7 17. Qxc5 Rxc5 18. Rxd8 Rxd8 19. Nxc6 Rd2 20. Nd8 Bc4 21. Rf2 Rxf2 22.
Kxf2 g5 23. fxg5 hxg5 24. Bg3 Rf5+ 25. Ke3 c5 26. Nxb7 Bf1 27. Nd6 Rf6 28. Nce4 Re6 29. Kf2 Kg6 30. Kxf1 1-0

[Event "Early-Titled-Tuesday-Blitz-January-16-2024"]
[Site "Chess.com"]
[Date "2024.01.16"]
[Round "5"]
[White "MANOJ_MISHRA123"]
[Black "Shuvalov"]
[Result "0-1"]
[WhiteElo "2257"]
[BlackElo "2519"]
[TimeControl "180+1"]
[EndTime "8:58:11 PST"]
[Termination "Shuvalov won on time"]

1. d4 Nf6 2. Bg5 g6 3. Bxf6 exf6 4. c4 f5 5. g3 Bg7 6. Bg2 c5 7. e3 Nc6 8. Ne2 Qb6 9. Nbc3 cxd4 10. exd4 O-O 11.
d5 Qxb2 12. Rc1 Bxc3+ 13. Rxc3 Re8 14. Rb3 Qxa2 15. dxc6 Rxe2+ 16. Qxe2 Qxb3 17. Qe8+ Kg7 18. Bd5 Qb4+ 19. Kd1 bxc6 20. Qxf7+ Kh6 21. g4 Qb3+ 22. Ke2 Qc2+ 23. Kf3 fxg4+ 24. Kxg4 Qf5+ 0-1

[Event "Early-Titled-Tuesday-Blitz-January-16-2024"]
[Site "Chess.com"]
[Date "2024.01.16"]
[Round "5"]
[White "mbchess97"]
[Black "santosalberto1987"]
[Result "1-0"]
[WhiteElo "2307"]
[BlackElo "2495"]
[TimeControl "180+1"]
[EndTime "8:58:12 PST"]
[Termination "mbchess97 won by resignation"]

1. c4 c5 2. g3 g6 3. Bg2 Bg7 4. Nc3 Nc6 5. Nf3 e6 6. d4 cxd4 7. Nb5 d5 8. Nfxd4 Nxd4 9. Nxd4 dxc4 10. Qa4+ Qd7 11. Nb5 Kf8 12. Qxc4 Ne7 13. O-O a6 14. Nc7 Rb8 15. Bf4 e5 16. Be3 Nc6 17. Nd5 Kg8 18. Rfd1 Qg4 19. Ne7+ Nxe7 20. Rd8+ Bf8 21. Qxg4 Bxg4 22.
Rxb8 Kg7 23. Bxb7 Nf5 24. Bxa6 Nxe3 25. fxe3 Bc5 26. Rxh8 Bxe3+ 27. Kg2 Kxh8 28. Rd1 Bd4 29. b3 Kg7 30. a4 Kf8 31. Bd3 Ke7 32. Rc1 Kd6 33.
a5 Be6 34. b4 f5 35. Bc4 Bd7 36. b5 e4 37. Rd1 Kc5 38. Rxd4 Kxd4 39. b6 Bc6 40. Bb5 Kc5 41. Bxc6 Kxc6 42. Kf2 g5 43. h4 h6 44. Ke3 Kb7 45. hxg5 hxg5 46. g4 1-0

[Event "Early-Titled-Tuesday-Blitz-January-16-2024"]
[Site "Chess.com"]
[Date "2024.01.16"]
[Round "5"]
[White "CSB7"]
[Black "Volodar_Murzin"]
[Result "0-1"]
[WhiteElo "2693"]
[BlackElo "2924"]
[TimeControl "180+1"]
[EndTime "8:58:13 PST"]
[Termination "Volodar_Murzin won on time"]

1. d4 Nf6 2. c4 g6 3. Nc3 Bg7 4. e4 O-O 5. Be2 d6 6. Bg5 Nbd7 7. Nf3 e5 8. d5 h6 9. Be3 Ng4 10. Bd2 f5 11. h3 Ngf6 12. Nh4 Nxe4 13. Nxg6 Rf6 14.
Nxe4 fxe4 15. Nh4 Nc5 16. Be3 Bd7 17. g4 Rf7 18. Nf5 Bxf5 19. gxf5 Rxf5 20. h4 Qf6 21.
Qc2 a5 22. O-O-O Kh8 23. Kb1 b6 24. Rdg1 Rf8 25. Rg2 Rf7 26. h5 Rf4 27. Rhg1 Qh4 28. a3 a4 29. Ka2 Nb3 30. Bxf4 Qxf4 31. Rg4 Qd2 32. Qxe4 Nc1+ 33. Rxc1 Qxc1 34. Qg6 e4 0-1

[Event "Early-Titled-Tuesday-Blitz-January-16-2024"]
[Site "Chess.com"]
[Date "2024.01.16"]
[Round "5"]
[White "stepanosinovsky"]
[Black "C_K_G"]
[Result "1-0"]
[WhiteElo "2391"]
[BlackElo "2040"]
[TimeControl "180+1"]
[EndTime "8:58:13 PST"]
[Termination "stepanosinovsky won on time"]

1. Nf3 d5 2. g3 Nf6 3. Bg2 c5 4.
O-O Nc6 5. d3 e6 6. Nbd2 Be7 7. e4 O-O 8. Re1 h6 9. e5 Nd7 10. c3 d4 11. c4 Qc7 12. Qe2 a6 13. h4 b5 14. a4 bxa4 15. Nf1 Bb7 16. g4 Rfb8 17. Ng3 Ncxe5 18. Nxe5 Bxg2 19. Kxg2 Bxh4 20. Nxd7 Qxd7 21. Ne4 Qc7 22. Rh1 Be7 23. g5 f5 24.
gxf6 Bxf6 25. Bxh6 Be5 26. Bg5 Rf8 27. Qh5 Rae8 28.
Qg6 Rf5 29. Qxe8+ Rf8 30. Rh8+ Kxh8 31. Qxf8+ Kh7 32. Qe8 1-0

[Event "Early-Titled-Tuesday-Blitz-January-16-2024"]
[Site "Chess.com"]
[Date "2024.01.16"]
[Round "5"]
[White "KSho99"]
[Black "Carlitus2004"]
[Result "0-1"]
[WhiteElo "2187"]
[BlackElo "2433"]
[TimeControl "180+1"]
[EndTime "8:58:14 PST"]
[Termination "Carlitus2004 won on time"]

1. Nf3 Nf6 2. g3 g6 3. b3 Bg7 4.
Bb2 O-O 5. Bg2 b6 6. O-O Bb7 7. c4 c5 8. d4 cxd4 9. Nxd4 Bxg2 10. Kxg2 Nc6 11. Nc3 Qc7 12. Nf3 Qb7 13. Kg1 a6 14.
Qd3 Rab8 15. a4 Rfd8 16. Rfd1 Nb4 17. Qd2 d5 18. Nxd5 Nbxd5 19. cxd5 Rxd5 20. Qb4 Rbd8 21. Rxd5 Nxd5 22. Qa3 Bxb2 23. Qxb2 Nb4 24. Qc3 a5 25.
Qc4 Qd7 26. Rc1 Qd5 27. Qc7 Qd6 28. Qxd6 Rxd6 29. Rc7 Kf8 30. Rc8+ Kg7 31. Rb8 Kf6 32. Rb7 Na6 33. Ra7 Nc5 34. h4 h6 35. e3 Nxb3 36. Kg2 Nc5 0-1

[Event "Early-Titled-Tuesday-Blitz-January-16-2024"]
[Site "Chess.com"]
[Date "2024.01.16"]
[Round "5"]
[White "almaguerjm"]
[Black "Zapateado"]
[Result "1-0"]
[WhiteElo "2499"]
[BlackElo "2357"]
[TimeControl "180+1"]
[EndTime "8:58:15 PST"]
[Termination "almaguerjm won on time"]

1. e4 c5 2. Nf3 g6 3. d4 cxd4 4. Nxd4 Nc6 5. c4 Nf6 6. Nc3 d6 7. Be2 Nxd4 8. Qxd4 Bg7 9. Qd3 O-O 10. Be3 Be6 11. Rc1 Qa5 12. O-O Rfc8 13. b3 a6 14.
Na4 Nd7 15. f4 f5 16. Bd2 fxe4 17. Qxe4 Bf5 18. Qe3 Qd8 19. g4 b5 20. Nc3 bxc4 21.
gxf5 cxb3 22. fxg6 hxg6 23. axb3 Nc5 24. Nd5 e6 25.
Nb4 Rab8 26. Nxa6 Rxb3 27. Qf2 1-0

[Event "Early-Titled-Tuesday-Blitz-January-16-2024"]
[Site "Chess.com"]
[Date "2024.01.16"]
[Round "5"]
[White "Joshukid"]
[Black "Sychev_Klementy"]
[Result "1/2-1/2"]
[WhiteElo "2611"]
[BlackElo "2778"]
[TimeControl "180+1"]
[EndTime "8:58:16 PST"]
[Termination "Game drawn by repetition"]

1. Nf3 Nf6 2. c4 g6 3. b3 c5 4.
Bb2 Bg7 5. g3 Nc6 6. Bg2 h5 7.
h4 O-O 8. O-O d6 9. d4 Ne4 10.
Nbd2 Bf5 11. Nxe4 Bxe4 12. e3 d5 13. Qe2 cxd4 14. Nxd4 Bxg2 15. Kxg2 dxc4 16. Nxc6 Qd5+ 17. Qf3 bxc6 18. Bxg7 Kxg7 19. bxc4 Qc5 20. Rfd1 Rfd8 21. Qe4 Rab8 22. Rab1 Rxb1 23. Rxd8 Rb4 24. Rd7 e5 25.
Qf3 Qxc4 26. Rxa7 Rb1 27. Kh2 Ra1 28. a3 Ra2 29. Kg2 Ra1 30. Kh2 Ra2 31. Kg2 Ra1 32.
Kh2 1/2-1/2

[Event "Early-Titled-Tuesday-Blitz-January-16-2024"]
[Site "Chess.com"]
[Date "2024.01.16"]
[Round "5"]
[White "sakkikuska"]
[Black "Eesha-Karavade"]
[Result "1/2-1/2"]
[WhiteElo "2602"]
[BlackElo "2441"]
[TimeControl "180+1"]
[EndTime "8:58:17 PST"]
[Termination "Game drawn by repetition"]

1. e4 e5 2. Nf3 Nc6 3. Bb5 a6 4.
Bxc6 dxc6 5. Nc3 Bd6 6. d4 exd4 7. Qxd4 f6 8. Be3 Be6 9. O-O-O Ne7 10. a3 O-O 11.
Ne2 Qe8 12. h3 Ng6 13. Qc3 Ne5 14. Nxe5 Bxe5 15. Bd4 Bxd4 16. Qxd4 Qe7 17. f3 Rfd8 18. Qc3 Rd6 19. Rd4 Rad8 20. Rhd1 Kf7 21. Qe3 Rxd4 22.
Rxd4 Rxd4 23. Nxd4 Qc5 24. Nf5 Qe5 25. Nd4 Qh2 26. Qe2 Qg1+ 27. Qd1 Qxg2 28. h4 Qf2 29. h5 Qe3+ 30. Kb1 Bh3 31. b3 g6 32. hxg6+ hxg6 33. Qh1 Qxd4 34. Qxh3 Qd1+ 35. Kb2 Qd4+ 36. Kb1 Qg1+ 37.
Kb2 Qd4+ 38. Kb1 1/2-1/2

[Event "Early-Titled-Tuesday-Blitz-January-16-2024"]
[Site "Chess.com"]
[Date "2024.01.16"]
[Round "5"]
[White "platy3"]
[Black "Mops_2004"]
[Result "1-0"]
[WhiteElo "2884"]
[BlackElo "2671"]
[TimeControl "180+1"]
[EndTime "8:58:19 PST"]
[Termination "platy3 won on time"]

1. e4 c6 2. Nf3 d5 3. Nc3 dxe4 4. Nxe4 Nf6 5. Qe2 Nxe4 6. Qxe4 Nd7 7. Bc4 Nf6 8. Ne5 e6 9. Qe2 b5 10. Bb3 Bd6 11. O-O Qc7 12. d4 a5 13. a4 O-O 14. Re1 Ba6 15. Qf3 c5 16. Bg5 Nd5 17.
axb5 Bxb5 18. c4 cxd4 19. Ng4 a4 20. cxd5 axb3 21. Rxa8 Rxa8 22. dxe6 Rf8 23. Qd5 Bc4 24. exf7+ Kh8 25. Qxd4 h5 26. Ne5 Bxe5 27. Rxe5 Qxf7 28. Be3 Kh7 29. h3 Kg8 30. Qe4 g6 31. Re7 1-0

[Event "Early-Titled-Tuesday-Blitz-January-16-2024"]
[Site "Chess.com"]
[Date "2024.01.16"]
[Round "5"]
[White "vasblesk"]
[Black "ozates"]
[Result "1-0"]
[WhiteElo "2783"]
[BlackElo "2592"]
[TimeControl "180+1"]
[EndTime "8:58:19 PST"]
[Termination "vasblesk won by resignation"]

1. d4 Nf6 2. c4 e6 3. g3 d5 4.
Bg2 dxc4 5. Nf3 Bd7 6. Ne5 Bc6 7. Nxc6 Nxc6 8. O-O Qd7 9. Nc3 h5 10. Bg5 Nd5 11.
e4 Nb6 12. d5 Ne5 13. dxe6 Qxe6 14. Nd5 Bd6 15. Nf4 Qg4 16. Nh3 f6 17. Be3 O-O-O 18.
Nf4 g5 19. Nd5 Nxd5 20. exd5 Qxd1 21. Rfxd1 h4 22. Be4 hxg3 23. hxg3 Kb8 24. Kg2 Rdf8 25. Bf5 a5 26. Rh1 b5 27. Rhb1 Rh6 28. Rh1 Rfh8 29. Rxh6 Rxh6 30. b3 c3 31. f4 gxf4 32. gxf4 Nf7 33. Be6 Rh7 34. Bf5 Rg7+ 35. Kf3 Nh6 36. Be6 f5 37. Rh1 Ng4 38. Rh8+ Kb7 39. Bc8+ Kb8 40.
Ba6+ 1-0

[Event "Early-Titled-Tuesday-Blitz-January-16-2024"]
[Site "Chess.com"]
[Date "2024.01.16"]
[Round "5"]
[White "Roedor"]
[Black "FMCarmona"]
[Result "1-0"]
[WhiteElo "2398"]
[BlackElo "2173"]
[TimeControl "180+1"]
[EndTime "8:58:19 PST"]
[Termination "Roedor won on time"]

1. d4 d5 2. c4 e6 3. Nf3 Nf6 4. g3 Be7 5. Bg2 O-O 6. O-O c6 7. Qc2 b6 8. Rd1 Ba6 9. b3 Ne4 10. Nc3 f5 11. Bf4 Nd7 12. a4 Rc8 13. a5 b5 14. c5 g5 15. Be5 Nxe5 16. Nxe5 b4 17. Nxe4 fxe4 18. f3 exf3 19. Bxf3 Bf6 20. Ng4 Bg7 21.
Rf1 Qe7 22. Rad1 Rf5 23. Ne3 Rff8 24. Bg4 Rxf1+ 25. Nxf1 Qf7 26. e3 h5 27. Be2 Bxe2 28. Qxe2 g4 29. Nd2 Rf8 30. Rf1 Qg6 31. Rf4 Qc2 32. Rxf8+ Kxf8 33. Qf2+ Ke7 34. Nf1 Qxb3 35. Qf4 Qd1 36. Qc7+ Kf6 37. Qe5+ Kf7 38. Qf4+ Kg6 39.
Qd6 1-0

[Event "Early-Titled-Tuesday-Blitz-January-16-2024"]
[Site "Chess.com"]
[Date "2024.01.16"]
[Round "5"]
[White "Iskusnyh"]
[Black "TrompeterImEther"]
[Result "0-1"]
[WhiteElo "2632"]
[BlackElo "2501"]
[TimeControl "180+1"]
[EndTime "8:58:20 PST"]
[Termination "TrompeterImEther won on time"]

1. d4 Nf6 2. c4 e6 3. g3 c5 4. Nf3 cxd4 5. Nxd4 d5 6. Bg2 dxc4 7. Qa4+ Nbd7 8. O-O Bc5 9. Qxc4 O-O 10. Nc3 Qe7 11.
Nb3 Bd6 12. Be3 Ne5 13. Qd4 Nc6 14. Qh4 Bd7 15. Rfd1 Rfd8 16. Bg5 Be5 17. Ne4 h6 18. Nxf6+ Bxf6 19. Bxf6 Qxf6 20. Qxf6 gxf6 21. Nc5 Be8 22. Nxb7 Rxd1+ 23. Rxd1 Rb8 24. Nd6 Ne5 25. Nxe8 Rxe8 26. f4 Nc4 27. b3 Nb6 28. Rc1 Rd8 29. Bf3 Rd2 30. a4 Rb2 31. Rc7 Rxb3 32. Rxa7 Ra3 33. a5 Nc4 34. a6 Kg7 35. Bh5 Nd6 36.
Ra8 f5 37. Kg2 Kf6 38. a7 Ke7 39. h3 Nb5 0-1

[Event "Early-Titled-Tuesday-Blitz-January-16-2024"]
[Site "Chess.com"]
[Date "2024.01.16"]
[Round "5"]
[White "Louis-Paulsen-Fan"]
[Black "doctorcristian"]
[Result "0-1"]
[WhiteElo "2315"]
[BlackElo "2560"]
[TimeControl "180+1"]
[EndTime "8:58:20 PST"]
[Termination "doctorcristian won by resignation"]

1. d4 g6 2. Nf3 Bg7 3. c4 c5 4.
d5 d6 5. e4 Bg4 6. Be2 Bxf3 7.
Bxf3 Nd7 8. O-O h6 9. g3 g5 10. Bg2 Bd4 11. Nc3 Bxc3 12. bxc3 Qa5 13. Qb3 O-O-O 14.
Rb1 Nb6 15. Re1 Nf6 16. f4 gxf4 17. Bxf4 Nfd7 18. e5 dxe5 19. Bxe5 Nxe5 20. Rxe5 Rhe8 21. Rf5 f6 22. Rh5 Qa6 23. Bf1 Kb8 24. Rxh6 Nc8 25. Rh4 Nd6 26. Re1 Rd7 27. Rh7 Rc7 28. Rg7 Kc8 29.
Bd3 Kd8 30. h4 Rh8 31. Kg2 b6 32. Rh7 Rg8 33. h5 Qc8 34. Bg6 Qg4 35. Qd1 Qxc4 36.
a3 Qxc3 37. Qe2 e5 38. dxe6 Rxh7 39. e7+ Kc7 40. Bxh7 Qxg3+ 41. Kh1 Qh3+ 0-1